Penguins vs Marlies
Created - May 8, 2024 at 19:11
Goals
|
| Penguins |
0 |
1 |
0 |
1 |
| Marlies |
1 |
1 |
2 |
4 |
|
Shots
|
| Penguins |
8 |
10 |
9 |
27 |
| Marlies |
5 |
15 |
15 |
35 |
|
1st period
1. Marlies , Kole Sherwood 13 (Logan Brown 24, Alex Formenton 12) at 5:26
Penalties :
Iven Barbashev (Wil) for Interference (Minor) at 5:31, Brett Kulak (Wil) for High sticking (Minor) at 10:53
2nd period
2. Marlies , Martin Necas 33 (Colton Sissons 53) at 12:35 (PP)
3. Penguins , Sam Kurker 20 (Iven Barbashev 49, Matthew Finn 20) at 16:25
Penalties :
Tyler Benson (Tor) for Tripping (Minor) at 4:10, Sampo Ranta (Wil) for Boarding (Double Minor) at 6:33, Max Gortz (Wil) for Slashing (Minor) at 12:34
3rd period
4. Marlies , Tyler Benson 22 (Colton Sissons 54, Martin Necas 35) at 0:26 (PP)
5. Marlies , Colton Sissons 30 (Mathieu Olivier 23, Aleksi Saarela 42) at 12:58
Penalties :
Iven Barbashev (Wil) for Tripping (Minor) at 0:15, Aleksi Saarela (Tor) for Slashing (Minor) at 2:34, Matthew Finn (Wil) for Holding (Minor) at 18:01
Goalie Stats
Anthony Stolarz (Wil), 31 saves from 35 shots - (0.886), L, 9-20-5, 60:00 minutes
Logan Thompson (Tor), 26 saves from 27 shots - (0.963), W, 8-16-2, 60:00 minutes
Players Stats for Penguins
Player Name G A P +/- PIM S H SB GA TA FO MP PP MP PK MP
------------------------------------------------------------------------------------
Adam Brooks 0 0 0 0 0 1 1 0 0 0 2/9 15:12 1:48 2:23
Alexander Romanov 0 0 0 -1 0 0 0 2 0 1 0/0 13:35 0:00 2:21
Brett Kulak 0 0 0 -1 2 3 1 1 0 1 0/0 26:42 1:59 4:30
Dakota Mermis 0 0 0 -1 0 1 1 1 0 0 0/0 27:20 1:59 5:43
Eetu Luostarinen 0 0 0 0 0 0 2 0 1 0 0/0 16:55 1:48 4:19
Evan Rodrigues 0 0 0 0 0 4 0 0 0 1 17/34 22:33 2:10 4:27
Iven Barbashev 0 1 1 0 4 5 2 0 1 0 0/0 21:09 2:10 3:14
Jeff Malott 0 0 0 0 0 1 4 0 0 1 0/0 11:49 0:00 1:19
Jesper Boqvist 0 0 0 0 0 0 1 0 1 0 0/0 10:30 0:00 0:00
Jesperi Kotkaniemi 0 0 0 -1 0 1 1 0 0 1 4/7 10:30 0:00 2:02
John Marino 0 0 0 1 0 0 2 0 0 1 0/0 19:39 1:59 2:56
Josh Ho-Sang 0 0 0 -1 0 3 0 0 0 0 0/0 8:28 0:00 0:00
Matthew Finn 0 1 1 1 2 2 1 4 1 1 0/0 19:49 1:59 3:07
Max Gortz 0 0 0 0 2 0 1 1 0 1 1/4 20:35 2:10 2:17
Noah Dobson 0 0 0 -1 0 0 0 1 0 0 0/0 13:02 0:00 1:37
Philipp Kurashev 0 0 0 0 0 0 3 0 0 1 0/3 10:43 0:00 0:13
Sam Kurker 1 0 1 0 0 5 1 0 0 0 0/0 12:36 1:48 0:00
Sampo Ranta 0 0 0 -1 4 1 2 0 0 0 0/0 8:40 0:00 0:00
Players Stats for Marlies
Player Name G A P +/- PIM S H SB GA TA FO MP PP MP PK MP
------------------------------------------------------------------------------------
Aleksi Saarela 0 1 1 -1 2 4 2 0 1 0 13/24 19:32 4:22 0:43
Alex Formenton 0 1 1 1 0 0 1 0 1 0 1/1 12:54 0:44 1:13
Brendan Guhle 0 0 0 0 0 4 0 2 0 2 0/0 28:26 6:15 2:24
Colton Sissons 1 2 3 1 0 2 2 0 0 0 12/19 18:46 5:10 2:18
Hugh McGing 0 0 0 0 0 3 1 1 1 0 0/0 9:13 0:00 0:00
Jeff Corbett 0 0 0 0 0 0 0 0 0 0 0/0 22:28 3:52 2:24
Joel Farabee 0 0 0 -1 0 1 2 1 0 1 1/3 18:56 4:19 0:10
Keaton Thompson 0 0 0 1 0 1 0 0 1 0 0/0 11:42 0:00 0:00
Kole Sherwood 1 0 1 1 0 2 2 0 0 0 0/0 10:54 0:00 0:00
Logan Brown 0 1 1 1 0 1 1 0 2 0 4/5 12:34 0:00 1:39
Lucas Carlsson 0 0 0 1 0 1 0 0 0 0 0/0 11:42 0:00 0:00
Martin Necas 1 1 2 -1 0 4 3 0 1 1 0/1 19:39 5:06 0:00
Mathieu Olivier 0 1 1 1 0 0 1 0 0 0 0/0 15:53 4:19 0:25
Matthew Highmore 0 0 0 0 0 1 0 0 0 0 1/3 10:13 0:35 0:19
Pierre-Olivier Joseph 0 0 0 0 0 8 2 2 0 0 0/0 25:50 6:15 1:34
Rasmus Dahlin 0 0 0 0 0 0 0 2 1 0 0/0 19:52 3:52 1:34
Tobias Lindberg 0 0 0 0 0 1 2 0 0 0 0/0 9:55 0:42 0:00
Tyler Benson 1 0 1 1 2 2 4 0 1 0 1/1 17:31 5:04 1:09
3 Stars
1 - Colton Sissons (Tor)
2 - Logan Thompson (Tor)
3 - Martin Necas (Tor)
Power Play
Penguins - 0 on 2 Attempt(s) - 0.00%
Marlies - 2 on 7 Attempt(s) - 28.57%
Penalty Kill
Penguins - 5 on 7 Attempt(s) - 71.43%
- Score 0 goal in Penalty Kill
Marlies - 2 on 2 Attempt(s) - 100.00%
- Score 0 goal in Penalty Kill
Team Stat
Penguins - Hits : 23 - Faceoff Wins : 24 - Blocked Shots : 10 - Penalty Minutes : 14
Marlies - Hits : 23 - Faceoff Wins : 33 - Blocked Shots : 8 - Penalty Minutes : 4
Official
Referees : Peter MacDougall and Tim Peel
Linesman : Steve Barton and Matt MacPherson
Game Notes
No Game Note
Finance
Level 1 -- Attendance: 1872 (93.60%) -- Ticket Income $131,040
Level 2 -- Attendance: 886 (88.60%) -- Ticket Income $35,440
Total Attendance: 2758 (91.93%)
Total Ticket Income: $166,480
Other Income: $8,324
Total Income: $174,804
Penguins
5 vs 5 Forward
Center Left Wing Right Wing Time % Phy DF OF
1 Evan Rodrigues Iven Barbashev Max Gortz 40 1 2 2
2 Adam Brooks Eetu Luostarinen Sam Kurker 30 1 2 2
3 Philipp Kurashev Jeff Malott Jesper Boqvist 20 1 2 2
4 Jesperi Kotkaniemi Sampo Ranta Josh Ho-Sang 10 1 2 2
5 vs 5 Defense
Defense Defense Time % Phy DF OF
1 Brett Kulak Dakota Mermis 40 1 2 2
2 John Marino Matthew Finn 30 1 2 2
3 Alexander Romanov Noah Dobson 20 1 2 2
4 Brett Kulak Dakota Mermis 10 1 2 2
PowerPlay Forward
Center Left Wing Right Wing Time % Phy DF OF
1 Evan Rodrigues Iven Barbashev Max Gortz 60 1 1 3
2 Adam Brooks Eetu Luostarinen Sam Kurker 40 1 1 3
PowerPlay Defense
Defense Defense Time % Phy DF OF
1 Brett Kulak Dakota Mermis 60 1 1 3
2 John Marino Matthew Finn 40 1 1 3
Penalty Kill 4 Players Forward
Center Wing Time % Phy DF OF
1 Evan Rodrigues Iven Barbashev 60 1 3 1
2 Adam Brooks Eetu Luostarinen 40 1 3 1
Penalty Kill 4 Players Defense
Defense Defense Time % Phy DF OF
1 Brett Kulak Dakota Mermis 60 1 3 1
2 John Marino Matthew Finn 40 1 3 1
Penalty Kill - 3 Players Forward
Forward Time % Phy DF OF
1 Evan Rodrigues 60 1 3 1
2 Adam Brooks 40 1 3 1
Penalty Kill - 3 Players Defense
Defense Defense Time % Phy DF OF
1 Brett Kulak Dakota Mermis 60 1 3 1
2 John Marino Matthew Finn 40 1 3 1
4 vs 4 Forward
Center Wing Time % Phy DF OF
1 Evan Rodrigues Iven Barbashev 60 1 1 3
2 Adam Brooks Eetu Luostarinen 40 1 1 3
4 vs 4 Defense
Defense Defense Time % Phy DF OF
1 Brett Kulak Dakota Mermis 60 1 1 3
2 John Marino Matthew Finn 40 1 1 3
Last Minutes Offensive
Center Left Wing Right Wing Defense Defense
Evan Rodrigues Iven Barbashev Max Gortz Brett Kulak Dakota Mermis
Last Minutes Defensive
Center Left Wing Right Wing Defense Defense
Evan Rodrigues Iven Barbashev Max Gortz Brett Kulak Dakota Mermis
Goaltenders
Starting : Anthony Stolarz
Backup : Zachary Bouthillier
Extra Forwards
Normal : Max Gortz, Sam Kurker, Jeff Malott - PP : Max Gortz, Sam Kurker - PK : Max Gortz
Extra Defensemen
Normal : Matthew Finn, Alexander Romanov, Noah Dobson - PP : Matthew Finn - PK : Matthew Finn, Alexander Romanov
Penalty Shots
Iven Barbashev, Evan Rodrigues, Eetu Luostarinen, Adam Brooks, Max Gortz
Custom OT Lines Forwards
Iven Barbashev, Evan Rodrigues, Eetu Luostarinen, Adam Brooks, Max Gortz, Sam Kurker, Jeff Malott, Jesper Boqvist, Philipp Kurashev, Josh Ho-Sang
Custom OT Lines Defensemen
Brett Kulak, Dakota Mermis, John Marino, Matthew Finn, Alexander Romanov
Scratches
Brett Pollock (Healthy), Denis Malgin (Healthy), Juuso Ikonen (Healthy), Kevin Stenlund (Healthy), Austin Strand (Healthy)
Ryan MacInnis (Healthy), Steven Spinner (Healthy), Clayton Keller (Separated Right Shoulder Injury), Shawn Boudrias (Healthy)
Marlies
5 vs 5 Forward
Center Left Wing Right Wing Time % Phy DF OF
1 Aleksi Saarela Joel Farabee Martin Necas 40 1 2 2
2 Colton Sissons Tyler Benson Mathieu Olivier 30 1 2 2
3 Logan Brown Alex Formenton Kole Sherwood 20 1 2 2
4 Matthew Highmore Hugh McGing Tobias Lindberg 10 1 2 2
5 vs 5 Defense
Defense Defense Time % Phy DF OF
1 Brendan Guhle Pierre-Olivier Joseph 40 1 2 2
2 Jeff Corbett Rasmus Dahlin 30 1 2 2
3 Keaton Thompson Lucas Carlsson 20 1 2 2
4 Brendan Guhle Jeff Corbett 10 1 2 2
PowerPlay Forward
Center Left Wing Right Wing Time % Phy DF OF
1 Colton Sissons Tyler Benson Martin Necas 60 1 1 3
2 Aleksi Saarela Joel Farabee Mathieu Olivier 40 1 1 3
PowerPlay Defense
Defense Defense Time % Phy DF OF
1 Brendan Guhle Pierre-Olivier Joseph 60 1 1 3
2 Jeff Corbett Rasmus Dahlin 40 1 1 3
Penalty Kill 4 Players Forward
Center Wing Time % Phy DF OF
1 Colton Sissons Tyler Benson 60 1 2 2
2 Logan Brown Mathieu Olivier 40 1 2 2
Penalty Kill 4 Players Defense
Defense Defense Time % Phy DF OF
1 Brendan Guhle Jeff Corbett 60 1 2 2
2 Pierre-Olivier Joseph Rasmus Dahlin 40 1 2 2
Penalty Kill - 3 Players Forward
Forward Time % Phy DF OF
1 Colton Sissons 60 1 2 2
2 Tyler Benson 40 1 2 2
Penalty Kill - 3 Players Defense
Defense Defense Time % Phy DF OF
1 Brendan Guhle Jeff Corbett 60 1 2 2
2 Pierre-Olivier Joseph Rasmus Dahlin 40 1 2 2
4 vs 4 Forward
Center Wing Time % Phy DF OF
1 Colton Sissons Martin Necas 60 1 2 2
2 Logan Brown Mathieu Olivier 40 1 2 2
4 vs 4 Defense
Defense Defense Time % Phy DF OF
1 Brendan Guhle Pierre-Olivier Joseph 60 1 2 2
2 Jeff Corbett Rasmus Dahlin 40 1 2 2
Last Minutes Offensive
Center Left Wing Right Wing Defense Defense
Colton Sissons Joel Farabee Martin Necas Brendan Guhle Pierre-Olivier Joseph
Last Minutes Defensive
Center Left Wing Right Wing Defense Defense
Colton Sissons Tyler Benson Mathieu Olivier Brendan Guhle Lucas Carlsson
Goaltenders
Starting : Logan Thompson
Backup : Maxime Lagace
Extra Forwards
Normal : Kole Sherwood, Tyler Benson, Martin Necas - PP : Mathieu Olivier, Martin Necas - PK : Logan Brown
Extra Defensemen
Normal : Lucas Carlsson, Keaton Thompson, Rasmus Dahlin - PP : Lucas Carlsson - PK : Lucas Carlsson, Keaton Thompson
Penalty Shots
Logan Brown, Aleksi Saarela, Martin Necas, Colton Sissons, Mathieu Olivier
Custom OT Lines Forwards
Colton Sissons, Joel Farabee, Aleksi Saarela, Martin Necas, Logan Brown, Tyler Benson, Alex Formenton, Mathieu Olivier, Kole Sherwood, Matthew Highmore
Custom OT Lines Defensemen
Pierre-Olivier Joseph, Brendan Guhle, Rasmus Dahlin, Jeff Corbett, Keaton Thompson
Scratches
Isac Lundestrom (Healthy), Brycen Martin (Healthy), Marc McLaughlin (Healthy), Jonathan Gruden (Healthy), Dennis Gilbert (Healthy)
Henri Ikonen (Healthy), Jaden Lindo (Healthy), Jakob Forsbacka-Karlsson (Healthy), Dmitri Samorukov (Healthy), Jacob Bernard-Docker (Healthy)
Radovan Bondra (Healthy), Xavier Bernard (Healthy), Mike Hardman (Healthy), Otto Koivula (Healthy), Jonathan Davidsson (Healthy)
Jan Jenik (Healthy), Veini Vehvilainen (Healthy), Matthew Thiessen (Healthy)
% Time on Ice - Penguins
Lines # - Real PCT - Wanted PCT - Time Play
Normal Forward
1 - 35% - 40% - 15:56
2 - 24% - 30% - 11:01
3 - 23% - 20% - 10:30
4 - 18% - 10% - 8:28
Normal Defense
1 - 41% - 40% - 18:37
2 - 32% - 30% - 14:44
3 - 24% - 20% - 11:05
4 - 3% - 10% - 1:29
PP Forward
1 - 55% - 60% - 2:10
2 - 45% - 40% - 1:48
PP Defense
1 - 50% - 60% - 1:59
2 - 50% - 40% - 1:59
PK Forward
1 - 76% - 60% - 7:44
2 - 24% - 40% - 2:23
PK Defense
1 - 68% - 60% - 6:53
2 - 32% - 40% - 3:14
PK3 Forward
1 - 0% - 60%
2 - 0% - 40%
PK3 Defense
1 - 0% - 60%
2 - 0% - 40%
44 Forward
1 - 0% - 60%
2 - 0% - 40%
44 Defense
1 - 0% - 60%
2 - 0% - 40%
Last Minute Offensive - 0:00
Last Minute Defensive - 0:00
Total
Forward - 60:00
Defense - 60:00
|
% Time on Ice - Marlies
Lines # - Real PCT - Wanted PCT - Time Play
Normal Forward
1 - 32% - 40% - 14:39
2 - 24% - 30% - 11:09
3 - 24% - 20% - 10:54
4 - 20% - 10% - 9:13
Normal Defense
1 - 39% - 40% - 18:07
2 - 30% - 30% - 13:57
3 - 25% - 20% - 11:42
4 - 5% - 10% - 2:09
PP Forward
1 - 57% - 60% - 5:45
2 - 43% - 40% - 4:22
PP Defense
1 - 62% - 60% - 6:15
2 - 38% - 40% - 3:52
PK Forward
1 - 89% - 60% - 3:33
2 - 11% - 40% - 0:25
PK Defense
1 - 61% - 60% - 2:24
2 - 39% - 40% - 1:34
PK3 Forward
1 - 0% - 60%
2 - 0% - 40%
PK3 Defense
1 - 0% - 60%
2 - 0% - 40%
44 Forward
1 - 0% - 60%
2 - 0% - 40%
44 Defense
1 - 0% - 60%
2 - 0% - 40%
Last Minute Offensive - 0:00
Last Minute Defensive - 0:00
Total
Forward - 60:00
Defense - 60:00
|
Play-by-Play
1st period
0:01 of 1st period - Evan Rodrigues wins face-off versus Aleksi Saarela in neutral zone.
0:06 of 1st period - Snap shot by Evan Rodrigues.
0:06 of 1st period - Stopped by Logan Thompson without a rebound.
0:07 of 1st period - Evan Rodrigues wins face-off versus Martin Necas in Marlies zone.
1:36 of 1st period - Alexander Romanov is hit by Martin Necas and loses puck.
2:00 of 1st period - Slapshot by Sam Kurker.
2:00 of 1st period - Stopped by Logan Thompson without a rebound.
2:01 of 1st period - Colton Sissons wins face-off versus Adam Brooks in Marlies zone.
2:47 of 1st period - Icing by Brett Kulak.
2:48 of 1st period - Logan Brown wins face-off versus Philipp Kurashev in Penguins zone.
2:57 of 1st period - Wrist shot by Kole Sherwood.
2:57 of 1st period - Shot Misses the Net.
3:10 of 1st period - Icing by Dakota Mermis.
3:11 of 1st period - Aleksi Saarela wins face-off versus Evan Rodrigues in Penguins zone.
3:36 of 1st period - Eetu Luostarinen is hit by Colton Sissons and loses puck.
4:50 of 1st period - Snap shot by Martin Necas.
4:50 of 1st period - Stopped by Anthony Stolarz with a rebound.
5:11 of 1st period - Off-side.
5:12 of 1st period - Logan Brown wins face-off versus Jesperi Kotkaniemi in neutral zone.
5:26 of 1st period - Wrist shot by Kole Sherwood.
5:26 of 1st period - Goal by Kole Sherwood - Penguins : 0 - Marlies : 1.
5:27 of 1st period - Aleksi Saarela wins face-off versus Evan Rodrigues in neutral zone.
5:31 of 1st period - Minor Penalty to Iven Barbashev for Interference.
5:32 of 1st period - Colton Sissons wins face-off versus Evan Rodrigues in Penguins zone.
6:37 of 1st period - Matthew Finn is hit by Tyler Benson and loses puck.
7:10 of 1st period - Colton Sissons is hit by Adam Brooks.
7:31 of 1st period - Penalty to Iven Barbashev is over, Iven Barbashev is back on ice.
7:34 of 1st period - Snap shot by Iven Barbashev.
7:34 of 1st period - Shot Misses the Net.
7:42 of 1st period - Wrist shot by Josh Ho-Sang.
7:42 of 1st period - Stopped by Logan Thompson without a rebound.
7:43 of 1st period - Logan Brown wins face-off versus Adam Brooks in Marlies zone.
8:10 of 1st period - Jeff Corbett is hit by Jeff Malott and loses puck.
9:11 of 1st period - Wrist shot by Kole Sherwood.
9:11 of 1st period - Shot Misses the Net.
9:13 of 1st period - Slapshot by Jeff Corbett.
9:13 of 1st period - Deflect By Logan Brown.
9:13 of 1st period - Stopped by Anthony Stolarz without a rebound.
9:14 of 1st period - Evan Rodrigues wins face-off versus Colton Sissons in Penguins zone.
9:14 of 1st period - Evan Rodrigues is hit by Colton Sissons.
9:49 of 1st period - Slapshot by Aleksi Saarela.
9:49 of 1st period - Stopped by Anthony Stolarz with a rebound.
10:11 of 1st period - Snap shot by Jeff Malott.
10:11 of 1st period - Stopped by Logan Thompson with a rebound.
10:13 of 1st period - Slapshot by Matthew Finn.
10:13 of 1st period - Stopped by Logan Thompson without a rebound.
10:14 of 1st period - Colton Sissons wins face-off versus Evan Rodrigues in Marlies zone.
10:14 of 1st period - Colton Sissons is hit by Iven Barbashev.
10:22 of 1st period - Snap shot by Iven Barbashev.
10:22 of 1st period - Stopped by Logan Thompson without a rebound.
10:23 of 1st period - Evan Rodrigues wins face-off versus Colton Sissons in Marlies zone.
10:26 of 1st period - Slapshot by Evan Rodrigues.
10:26 of 1st period - Stopped by Logan Thompson without a rebound.
10:27 of 1st period - Evan Rodrigues wins face-off versus Aleksi Saarela in Marlies zone.
10:34 of 1st period - Snap shot by Evan Rodrigues.
10:34 of 1st period - Stopped by Logan Thompson with a rebound.
10:36 of 1st period - Slapshot by Brett Kulak.
10:36 of 1st period - Shot Blocked by Pierre-Olivier Joseph.
10:38 of 1st period - Snap shot by Brett Kulak.
10:38 of 1st period - Shot Blocked by Pierre-Olivier Joseph.
10:53 of 1st period - Minor Penalty to Brett Kulak for High sticking.
10:54 of 1st period - Evan Rodrigues wins face-off versus Colton Sissons in Penguins zone.
11:27 of 1st period - Slapshot by Pierre-Olivier Joseph.
11:27 of 1st period - Stopped by Anthony Stolarz with a rebound.
12:53 of 1st period - Penalty to Brett Kulak is over, Brett Kulak is back on ice.
13:27 of 1st period - Keaton Thompson is hit by John Marino and loses puck.
14:25 of 1st period - Pierre-Olivier Joseph is hit by Jeff Malott and loses puck.
15:33 of 1st period - Dakota Mermis is hit by Tobias Lindberg and loses puck.
15:56 of 1st period - Wrist shot by Josh Ho-Sang.
15:56 of 1st period - Shot Blocked by Joel Farabee.
16:28 of 1st period - Rasmus Dahlin is hit by Philipp Kurashev and loses puck.
16:43 of 1st period - Alexander Romanov is hit by Tyler Benson and loses puck.
17:28 of 1st period - Colton Sissons is hit by Jeff Malott and loses puck.
17:45 of 1st period - Snap shot by Joel Farabee.
17:45 of 1st period - Shot Blocked by Matthew Finn.
17:55 of 1st period - Iven Barbashev is hit by Logan Brown and loses puck.
18:02 of 1st period - Pierre-Olivier Joseph is hit by Iven Barbashev and loses puck.
18:20 of 1st period - Lucas Carlsson is hit by Jesperi Kotkaniemi.
18:40 of 1st period - Brett Kulak is hit by Tyler Benson.
18:50 of 1st period - Max Gortz is hit by Joel Farabee and loses puck.
19:07 of 1st period - Pierre-Olivier Joseph is hit by Jeff Malott and loses puck.
Goals for this period are 0 for Penguins vs 1 for Marlies.
Shots for this period are 8 for Penguins vs 5 for Marlies.
2nd period
0:01 of 2nd period - Aleksi Saarela wins face-off versus Max Gortz in neutral zone.
0:04 of 2nd period - Iven Barbashev is hit by Martin Necas and loses puck.
0:40 of 2nd period - Snap shot by Sam Kurker.
0:40 of 2nd period - Stopped by Logan Thompson without a rebound.
0:41 of 2nd period - Logan Brown wins face-off versus Philipp Kurashev in Marlies zone.
1:06 of 2nd period - Snap shot by Aleksi Saarela.
1:06 of 2nd period - Deflect By Joel Farabee.
1:06 of 2nd period - Stopped by Anthony Stolarz without a rebound.
1:07 of 2nd period - Max Gortz wins face-off versus Aleksi Saarela in Penguins zone.
1:58 of 2nd period - Slapshot by Brendan Guhle.
1:58 of 2nd period - Deflect By Brett Kulak.
1:58 of 2nd period - Stopped by Anthony Stolarz with a rebound.
2:03 of 2nd period - Off-side.
2:04 of 2nd period - Evan Rodrigues wins face-off versus Aleksi Saarela in neutral zone.
2:11 of 2nd period - Icing by Brendan Guhle.
2:12 of 2nd period - Evan Rodrigues wins face-off versus Aleksi Saarela in Marlies zone.
2:13 of 2nd period - Backhand shot by Iven Barbashev.
2:13 of 2nd period - Stopped by Logan Thompson without a rebound.
2:14 of 2nd period - Evan Rodrigues wins face-off versus Aleksi Saarela in Marlies zone.
2:40 of 2nd period - Icing by Brendan Guhle.
2:41 of 2nd period - Aleksi Saarela wins face-off versus Adam Brooks in Marlies zone.
3:14 of 2nd period - Wrist shot by Colton Sissons.
3:14 of 2nd period - Stopped by Anthony Stolarz with a rebound.
3:16 of 2nd period - Slapshot by Brendan Guhle.
3:16 of 2nd period - Stopped by Anthony Stolarz with a rebound.
3:18 of 2nd period - Backhand shot by Pierre-Olivier Joseph.
3:18 of 2nd period - Stopped by Anthony Stolarz with a rebound.
3:48 of 2nd period - Rasmus Dahlin is hit by Eetu Luostarinen and loses puck.
4:10 of 2nd period - Minor Penalty to Tyler Benson for Tripping.
4:11 of 2nd period - Evan Rodrigues wins face-off versus Colton Sissons in Marlies zone.
4:39 of 2nd period - Wrist shot by Sam Kurker.
4:39 of 2nd period - Shot Blocked by Brendan Guhle.
4:51 of 2nd period - Pierre-Olivier Joseph is hit by Eetu Luostarinen and loses puck.
5:06 of 2nd period - Snap shot by Aleksi Saarela.
5:06 of 2nd period - Stopped by Anthony Stolarz without a rebound.
5:07 of 2nd period - Colton Sissons wins face-off versus Max Gortz in Penguins zone.
6:10 of 2nd period - Penalty to Tyler Benson is over, Tyler Benson is back on ice.
6:18 of 2nd period - Keaton Thompson is hit by Philipp Kurashev and loses puck.
6:33 of 2nd period - Double Minor Penalty to Sampo Ranta for Boarding.
6:34 of 2nd period - Colton Sissons wins face-off versus Evan Rodrigues in Penguins zone.
6:43 of 2nd period - Slapshot by Pierre-Olivier Joseph.
6:43 of 2nd period - Shot Misses the Net.
6:45 of 2nd period - Wrist shot by Colton Sissons.
6:45 of 2nd period - Shot Misses the Net.
6:47 of 2nd period - Slapshot by Pierre-Olivier Joseph.
6:47 of 2nd period - Stopped by Anthony Stolarz with a rebound.
6:49 of 2nd period - Backhand shot by Martin Necas.
6:49 of 2nd period - Deflect By Tyler Benson.
6:49 of 2nd period - Stopped by Anthony Stolarz without a rebound.
6:50 of 2nd period - Colton Sissons wins face-off versus Evan Rodrigues in Penguins zone.
7:17 of 2nd period - Brett Kulak is hit by Aleksi Saarela and loses puck.
7:24 of 2nd period - Slapshot by Aleksi Saarela.
7:24 of 2nd period - Stopped by Anthony Stolarz without a rebound.
7:25 of 2nd period - Evan Rodrigues wins face-off versus Aleksi Saarela in Penguins zone.
7:34 of 2nd period - Snap shot by Iven Barbashev.
7:34 of 2nd period - Shot Misses the Net.
8:47 of 2nd period - Max Gortz is hit by Tyler Benson and loses puck.
10:15 of 2nd period - Slapshot by Rasmus Dahlin.
10:15 of 2nd period - Shot Blocked by Noah Dobson.
10:33 of 2nd period - Penalty to Sampo Ranta is over, Sampo Ranta is back on ice.
11:05 of 2nd period - Slapshot by Josh Ho-Sang.
11:05 of 2nd period - Stopped by Logan Thompson without a rebound.
11:06 of 2nd period - Jesperi Kotkaniemi wins face-off versus Logan Brown in Marlies zone.
11:09 of 2nd period - Snap shot by John Marino.
11:09 of 2nd period - Shot Misses the Net.
11:11 of 2nd period - Wrist shot by Matthew Finn.
11:11 of 2nd period - Stopped by Logan Thompson without a rebound.
11:12 of 2nd period - Alex Formenton wins face-off versus Jesperi Kotkaniemi in Marlies zone.
11:21 of 2nd period - Snap shot by Logan Brown.
11:21 of 2nd period - Shot Misses the Net.
11:32 of 2nd period - John Marino is hit by Alex Formenton and loses puck.
11:43 of 2nd period - Slapshot by Kole Sherwood.
11:43 of 2nd period - Stopped by Anthony Stolarz with a rebound.
11:45 of 2nd period - Backhand shot by Kole Sherwood.
11:45 of 2nd period - Shot Hit the Post.
11:47 of 2nd period - Wrist shot by Logan Brown.
11:47 of 2nd period - Shot Misses the Net.
12:04 of 2nd period - Slapshot by Pierre-Olivier Joseph.
12:04 of 2nd period - Stopped by Anthony Stolarz with a rebound.
12:06 of 2nd period - Slapshot by Pierre-Olivier Joseph.
12:06 of 2nd period - Stopped by Anthony Stolarz without a rebound.
12:07 of 2nd period - Aleksi Saarela wins face-off versus Evan Rodrigues in Penguins zone.
12:08 of 2nd period - Snap shot by Martin Necas.
12:08 of 2nd period - Shot Misses the Net.
12:19 of 2nd period - Icing by Rasmus Dahlin.
12:20 of 2nd period - Aleksi Saarela wins face-off versus Evan Rodrigues in Marlies zone.
12:34 of 2nd period - Minor Penalty to Max Gortz for Slashing.
12:35 of 2nd period - Colton Sissons wins face-off versus Evan Rodrigues in Penguins zone.
12:35 of 2nd period - Slapshot by Martin Necas.
12:35 of 2nd period - Goal by Martin Necas - Penguins : 0 - Marlies : 2.
12:36 of 2nd period - Aleksi Saarela wins face-off versus Evan Rodrigues in neutral zone.
12:41 of 2nd period - Slapshot by Pierre-Olivier Joseph.
12:41 of 2nd period - Stopped by Anthony Stolarz with a rebound.
12:47 of 2nd period - Snap shot by Evan Rodrigues.
12:47 of 2nd period - Shot Misses the Net.
12:49 of 2nd period - Backhand shot by Iven Barbashev.
12:49 of 2nd period - Shot Misses the Net.
12:51 of 2nd period - Wrist shot by Iven Barbashev.
12:51 of 2nd period - Stopped by Logan Thompson with a rebound.
14:08 of 2nd period - Snap shot by Aleksi Saarela.
14:08 of 2nd period - Deflect By Joel Farabee.
14:08 of 2nd period - Shot Misses the Net.
14:08 of 2nd period - Puck is out of play.
14:09 of 2nd period - Jesperi Kotkaniemi wins face-off versus Aleksi Saarela in Penguins zone.
14:40 of 2nd period - Slapshot by Iven Barbashev.
14:40 of 2nd period - Stopped by Logan Thompson with a rebound.
14:56 of 2nd period - Slapshot by Hugh McGing.
14:56 of 2nd period - Shot Misses the Net.
15:37 of 2nd period - Logan Brown is hit by Sampo Ranta and loses puck.
15:56 of 2nd period - Evan Rodrigues is hit by Mathieu Olivier and loses puck.
16:25 of 2nd period - Snap shot by Sam Kurker.
16:25 of 2nd period - Goal by Sam Kurker - Penguins : 1 - Marlies : 2.
16:26 of 2nd period - Evan Rodrigues wins face-off versus Aleksi Saarela in neutral zone.
16:29 of 2nd period - Joel Farabee is hit by Brett Kulak and loses puck.
16:52 of 2nd period - Pierre-Olivier Joseph is hit by Jesper Boqvist.
17:14 of 2nd period - Slapshot by Matthew Finn.
17:14 of 2nd period - Shot Misses the Net.
17:16 of 2nd period - Slapshot by John Marino.
17:16 of 2nd period - Deflect By Sampo Ranta.
17:16 of 2nd period - Stopped by Logan Thompson without a rebound.
17:17 of 2nd period - Jesperi Kotkaniemi wins face-off versus Colton Sissons in Marlies zone.
17:30 of 2nd period - Slapshot by Josh Ho-Sang.
17:30 of 2nd period - Stopped by Logan Thompson with a rebound.
17:32 of 2nd period - Slapshot by Matthew Finn.
17:32 of 2nd period - Shot Misses the Net.
17:42 of 2nd period - Matthew Finn is hit by Kole Sherwood and loses puck.
18:14 of 2nd period - Snap shot by Dakota Mermis.
18:14 of 2nd period - Shot Blocked by Rasmus Dahlin.
18:40 of 2nd period - Off-side.
18:41 of 2nd period - Aleksi Saarela wins face-off versus Evan Rodrigues in neutral zone.
18:44 of 2nd period - Slapshot by Lucas Carlsson.
18:44 of 2nd period - Stopped by Anthony Stolarz without a rebound.
18:45 of 2nd period - Aleksi Saarela wins face-off versus Max Gortz in Penguins zone.
19:58 of 2nd period - Slapshot by Brett Kulak.
19:58 of 2nd period - Stopped by Logan Thompson without a rebound.
19:59 of 2nd period - Jesperi Kotkaniemi wins face-off versus Aleksi Saarela in Marlies zone.
19:59 of 2nd period - Jesperi Kotkaniemi is hit by Martin Necas.
Goals for this period are 1 for Penguins vs 1 for Marlies.
Shots for this period are 10 for Penguins vs 15 for Marlies.
3rd period
0:01 of 3rd period - Aleksi Saarela wins face-off versus Evan Rodrigues in neutral zone.
0:15 of 3rd period - Minor Penalty to Iven Barbashev for Tripping.
0:16 of 3rd period - Colton Sissons wins face-off versus Evan Rodrigues in Penguins zone.
0:20 of 3rd period - Slapshot by Pierre-Olivier Joseph.
0:20 of 3rd period - Stopped by Anthony Stolarz with a rebound.
0:22 of 3rd period - Wrist shot by Martin Necas.
0:22 of 3rd period - Shot Blocked by Dakota Mermis.
0:24 of 3rd period - Wrist shot by Colton Sissons.
0:24 of 3rd period - Shot Blocked by Max Gortz.
0:26 of 3rd period - Snap shot by Tyler Benson.
0:26 of 3rd period - Goal by Tyler Benson - Penguins : 1 - Marlies : 3.
0:27 of 3rd period - Evan Rodrigues wins face-off versus Joel Farabee in neutral zone.
0:52 of 3rd period - Brendan Guhle is hit by Dakota Mermis and loses puck.
1:15 of 3rd period - Slapshot by Jeff Corbett.
1:15 of 3rd period - Shot Hit the Post.
1:17 of 3rd period - Wrist shot by Matthew Highmore.
1:17 of 3rd period - Shot Blocked by Brett Kulak.
1:19 of 3rd period - Wrist shot by Hugh McGing.
1:19 of 3rd period - Deflect By Tobias Lindberg.
1:19 of 3rd period - Shot Misses the Net.
1:19 of 3rd period - Puck is out of play.
1:20 of 3rd period - Joel Farabee wins face-off versus Evan Rodrigues in Penguins zone.
1:21 of 3rd period - Wrist shot by Aleksi Saarela.
1:21 of 3rd period - Stopped by Anthony Stolarz with a rebound.
1:23 of 3rd period - Wrist shot by Aleksi Saarela.
1:23 of 3rd period - Shot Blocked by Matthew Finn.
1:46 of 3rd period - Colton Sissons is hit by Matthew Finn and loses puck.
1:51 of 3rd period - Snap shot by Sam Kurker.
1:51 of 3rd period - Stopped by Logan Thompson without a rebound.
1:52 of 3rd period - Colton Sissons wins face-off versus Adam Brooks in Marlies zone.
1:57 of 3rd period - Slapshot by Pierre-Olivier Joseph.
1:57 of 3rd period - Shot Hit the Post.
2:07 of 3rd period - Slapshot by Pierre-Olivier Joseph.
2:07 of 3rd period - Stopped by Anthony Stolarz with a rebound.
2:19 of 3rd period - Alexander Romanov is hit by Pierre-Olivier Joseph and loses puck.
2:34 of 3rd period - Minor Penalty to Aleksi Saarela for Slashing.
2:35 of 3rd period - Colton Sissons wins face-off versus Evan Rodrigues in Marlies zone.
3:00 of 3rd period - Backhand shot by Sam Kurker.
3:00 of 3rd period - Deflect By Eetu Luostarinen.
3:00 of 3rd period - Shot Misses the Net.
3:00 of 3rd period - Puck is out of play.
3:01 of 3rd period - Tyler Benson wins face-off versus Adam Brooks in Marlies zone.
4:34 of 3rd period - Penalty to Aleksi Saarela is over, Aleksi Saarela is back on ice.
5:03 of 3rd period - Slapshot by Brett Kulak.
5:03 of 3rd period - Stopped by Logan Thompson with a rebound.
5:09 of 3rd period - Dakota Mermis is hit by Hugh McGing and loses puck.
5:22 of 3rd period - Keaton Thompson is hit by Sam Kurker and loses puck.
6:13 of 3rd period - Slapshot by Matthew Highmore.
6:13 of 3rd period - Shot Misses the Net.
6:50 of 3rd period - Slapshot by Brendan Guhle.
6:50 of 3rd period - Shot Blocked by Alexander Romanov.
6:52 of 3rd period - Wrist shot by Mathieu Olivier.
6:52 of 3rd period - Shot Blocked by Alexander Romanov.
6:54 of 3rd period - Slapshot by Brendan Guhle.
6:54 of 3rd period - Stopped by Anthony Stolarz without a rebound.
6:55 of 3rd period - Evan Rodrigues wins face-off versus Colton Sissons in Penguins zone.
7:42 of 3rd period - Icing by Noah Dobson.
7:43 of 3rd period - Aleksi Saarela wins face-off versus Philipp Kurashev in Penguins zone.
8:13 of 3rd period - Slapshot by Rasmus Dahlin.
8:13 of 3rd period - Deflect By Hugh McGing.
8:13 of 3rd period - Stopped by Anthony Stolarz without a rebound.
8:14 of 3rd period - Evan Rodrigues wins face-off versus Matthew Highmore in Penguins zone.
8:25 of 3rd period - Wrist shot by Evan Rodrigues.
8:25 of 3rd period - Stopped by Logan Thompson with a rebound.
8:27 of 3rd period - Slapshot by Brett Kulak.
8:27 of 3rd period - Stopped by Logan Thompson with a rebound.
8:29 of 3rd period - Slapshot by Dakota Mermis.
8:29 of 3rd period - Shot Blocked by Brendan Guhle.
8:39 of 3rd period - Brendan Guhle is hit by Sampo Ranta and loses puck.
8:46 of 3rd period - Slapshot by Josh Ho-Sang.
8:46 of 3rd period - Shot Blocked by Hugh McGing.
8:48 of 3rd period - Snap shot by Jesperi Kotkaniemi.
8:48 of 3rd period - Stopped by Logan Thompson with a rebound.
9:06 of 3rd period - Matthew Highmore is hit by John Marino and loses puck.
10:08 of 3rd period - Snap shot by Hugh McGing.
10:08 of 3rd period - Stopped by Anthony Stolarz with a rebound.
10:10 of 3rd period - Wrist shot by Tobias Lindberg.
10:10 of 3rd period - Stopped by Anthony Stolarz with a rebound.
10:12 of 3rd period - Wrist shot by Matthew Highmore.
10:12 of 3rd period - Shot Misses the Net.
10:25 of 3rd period - Icing by Hugh McGing.
10:26 of 3rd period - Evan Rodrigues wins face-off versus Matthew Highmore in Marlies zone.
10:27 of 3rd period - Slapshot by Iven Barbashev.
10:27 of 3rd period - Stopped by Logan Thompson without a rebound.
10:28 of 3rd period - Aleksi Saarela wins face-off versus Evan Rodrigues in Marlies zone.
10:39 of 3rd period - Wrist shot by Aleksi Saarela.
10:39 of 3rd period - Shot Misses the Net.
10:53 of 3rd period - Evan Rodrigues is hit by Kole Sherwood and loses puck.
11:06 of 3rd period - Alex Formenton is hit by Max Gortz and loses puck.
11:25 of 3rd period - Backhand shot by Adam Brooks.
11:25 of 3rd period - Stopped by Logan Thompson without a rebound.
11:26 of 3rd period - Adam Brooks wins face-off versus Aleksi Saarela in Marlies zone.
12:58 of 3rd period - Snap shot by Colton Sissons.
12:58 of 3rd period - Goal by Colton Sissons - Penguins : 1 - Marlies : 4.
12:59 of 3rd period - Evan Rodrigues wins face-off versus Joel Farabee in neutral zone.
13:48 of 3rd period - Slapshot by Sam Kurker.
13:48 of 3rd period - Deflect By Adam Brooks.
13:48 of 3rd period - Shot Misses the Net.
13:48 of 3rd period - Puck is out of play.
13:49 of 3rd period - Adam Brooks wins face-off versus Colton Sissons in Marlies zone.
14:16 of 3rd period - Matthew Finn is hit by Joel Farabee and loses puck.
14:25 of 3rd period - Brendan Guhle is hit by Philipp Kurashev and loses puck.
14:56 of 3rd period - Snap shot by Hugh McGing.
14:56 of 3rd period - Stopped by Anthony Stolarz with a rebound.
15:04 of 3rd period - Evan Rodrigues is hit by Tobias Lindberg and loses puck.
15:22 of 3rd period - Wrist shot by Sam Kurker.
15:22 of 3rd period - Stopped by Logan Thompson without a rebound.
15:23 of 3rd period - Colton Sissons wins face-off versus Adam Brooks in Marlies zone.
15:54 of 3rd period - Max Gortz is hit by Aleksi Saarela and loses puck.
16:11 of 3rd period - Snap shot by Dakota Mermis.
16:11 of 3rd period - Deflect By Logan Brown.
16:11 of 3rd period - Stopped by Logan Thompson with a rebound.
16:33 of 3rd period - Slapshot by Matthew Highmore.
16:33 of 3rd period - Stopped by Anthony Stolarz without a rebound.
16:34 of 3rd period - Matthew Highmore wins face-off versus Jesperi Kotkaniemi in Penguins zone.
16:37 of 3rd period - Snap shot by Hugh McGing.
16:37 of 3rd period - Shot Misses the Net.
16:39 of 3rd period - Snap shot by Matthew Highmore.
16:39 of 3rd period - Shot Blocked by Matthew Finn.
16:41 of 3rd period - Snap shot by Matthew Highmore.
16:41 of 3rd period - Shot Misses the Net.
16:43 of 3rd period - Slapshot by Keaton Thompson.
16:43 of 3rd period - Stopped by Anthony Stolarz without a rebound.
16:44 of 3rd period - Aleksi Saarela wins face-off versus Evan Rodrigues in Penguins zone.
16:49 of 3rd period - Slapshot by Pierre-Olivier Joseph.
16:49 of 3rd period - Shot Misses the Net.
16:51 of 3rd period - Wrist shot by Martin Necas.
16:51 of 3rd period - Deflect By Matthew Finn.
16:51 of 3rd period - Stopped by Anthony Stolarz with a rebound.
16:53 of 3rd period - Slapshot by Joel Farabee.
16:53 of 3rd period - Shot Blocked by Matthew Finn.
16:55 of 3rd period - Slapshot by Brendan Guhle.
16:55 of 3rd period - Stopped by Anthony Stolarz with a rebound.
17:09 of 3rd period - Iven Barbashev is hit by Pierre-Olivier Joseph and loses puck.
17:24 of 3rd period - Snap shot by Evan Rodrigues.
17:24 of 3rd period - Shot Blocked by Rasmus Dahlin.
17:26 of 3rd period - Snap shot by Max Gortz.
17:26 of 3rd period - Shot Misses the Net.
18:01 of 3rd period - Minor Penalty to Matthew Finn for Holding.
18:02 of 3rd period - Colton Sissons wins face-off versus Adam Brooks in Penguins zone.
18:04 of 3rd period - Wrist shot by Martin Necas.
18:04 of 3rd period - Stopped by Anthony Stolarz with a rebound.
18:06 of 3rd period - Slapshot by Tyler Benson.
18:06 of 3rd period - Shot Misses the Net.
Goals for this period are 0 for Penguins vs 2 for Marlies.
Shots for this period are 9 for Penguins vs 15 for Marlies.